 Dungeon Crawl Stone Soup version 0.21-a0-94-gdd6ab6a (webtiles) character file.

9 Gorglomux the Sneak (level 2, -1/17 HPs)
             Began as a Kobold Wanderer on July 2, 2017.
             Slain by a rat (2 damage)
             ... on level 1 of the Dungeon.
             The game lasted 00:00:58 (335 turns).

Gorglomux the Sneak (Kobold Wanderer)                Turns: 335, Time: 00:00:59

Health: -1/17      AC:  2    Str:  6    XL:     2   Next: 25%
Magic:  5/5        EV: 13    Int: 15    God:
Gold:   16         SH:  0    Dex: 15    Spells: 5/5 levels left

rFire    + . .     SeeInvis .   e - +0 dagger
rCold    . . .     Gourm    .   (shield restricted)
rNeg     . . .     Faith    .   d - +0 robe
rPois    .         Spirit   .   (no helmet)
rElec    .         Reflect  .   (no cloak)
rCorr    .         Harm     .   (no gloves)
MR       .....                  (no boots)
Stlth    ++........             (no amulet)
HPRegen  0.05/turn              f - ring of protection from fire
MPRegen  0.09/turn              (no ring)

@: no status effects
A: carnivore 3
a: no special abilities


You were on level 1 of the Dungeon.
You were not hungry.

You visited 1 branch of the dungeon, and saw 1 of its levels.

You collected 16 gold pieces.

Inventory:

Hand Weapons
 e - a +0 dagger (weapon)
Armour
 d - a +0 robe (worn)
Jewellery
 f - a ring of protection from fire (left hand)
Scrolls
 R - a scroll of identify {unknown}
Potions
 b - a potion of lignification
 Q - a potion of curing
Books
 a - a book of Minor Magic

   Spells                             Type                      Level
   a - Magic Dart                     Conjuration                  1
   b - Blink                          Translocation                2
   c - Call Imp                       Summoning                    2
   d - Slow                           Hexes                        2
   e - Conjure Flame                  Conjuration/Fire             3
   f - Mephitic Cloud                 Conjuration/Poison/Air       3
Comestibles
 z - a meat ration


   Skills:
 + Level 1.8 Fighting
 - Level 1.1 Throwing
 + Level 2.3 Stealth
 - Level 2.0 Unarmed Combat
 - Level 2.1 Spellcasting
   Level 1.0 Fire Magic
   Level 2.0 Ice Magic


You had 5 spell levels left.
You didn't know any spells.

Dungeon Overview and Level Annotations

Branches:
Dungeon (1/15)

Altars:


Innate Abilities, Weirdness & Mutations

You are small and have problems with some larger weapons.
You are carnivorous and can eat meat at any time.


Message History

You hit the hobgoblin.
The hobgoblin is almost dead.
The hobgoblin closely misses you. The rat misses you.
You completely miss the hobgoblin.
The hobgoblin is almost dead.
The hobgoblin misses you. The rat closely misses you.
You hit the hobgoblin.
You kill the hobgoblin!
The rat bites you but does no damage. The rat barely misses you.
Things that are here:
a club; a hobgoblin corpse You barely miss the rat.
The rat misses you.
You barely miss the rat. The rat barely misses you.
You barely miss the rat. The rat bites you.
* * * LOW HITPOINT WARNING * * *
You hit the rat but do no damage. The rat bites you.
* * * LOW HITPOINT WARNING * * *
You hit the rat but do no damage. The rat bites you.
You die...

#.#§§§§≈# #.# §#§§#....
#.#§§≈≈§#....###+#
#<#§§§§§#........#
#.#§§§§≈#........### ..
#.#§≈§§§#..........###..
#.#§≈#§§#.............#
#.#≈≈§§≈#.............##
#'#≈§§§##....###@#......
#.###### ........r......
..#...###...............
........#..#.......#####
..............##.###########
..............##.##........###
..............##.##..........#
##............##.##..........#
######.......###.##..........#


You could see a rat.

Vanquished Creatures
  A dart slug (D:1)
  A leopard gecko (D:1)
  A hobgoblin (D:1)
  A frilled lizard (D:1)
  2 goblins (D:1)
  A kobold (D:1)
7 creatures vanquished.

Notes
Turn   | Place    | Note
-------+----------+-------------------------------------------
     0 | D:1      | Gorglomux the Kobold Wanderer began the quest for the Orb.
     0 | D:1      | Gorglomux set off with: a book of Minor Magic, a potion of lignification, a +0 robe, a +0 dagger, a meat ration, a potion of curing
     0 | D:1      | Reached XP level 1. HP: 12/12 MP: 3/3
   240 | D:1      | Reached XP level 2. HP: 16/17 MP: 5/5
   335 | D:1      | Slain by a rat

Vault maps used:
D:1:      saegor_arrival_miasma

Skill      XL: |  1 |
---------------+----+-----
Stealth        | 2 |  2.3
Fighting       | |  1.8
Throwing       | |  1.1
Unarmed Combat | |  2.0
Spellcasting   | |  2.1
Fire Magic     | |  1.0
Ice Magic      | |  2.0

Action                   || total
-------------------------++-------
Melee: Dagger            ||    47
       Punch             ||     1
 Stab: Sleeping          ||     1
  Eat: Chunk             ||     1
Armor: Robe              ||     5
Dodge: Dodged            ||    31
